Map: Beckett Industries LE

Players

llllllllllll

  • Race: Terran Terran
  • League: Master

Neuro - Winner!

  • Race: Zerg Zerg
  • League: Grandmaster

VOD

Have the link to the VOD?

Description

Time

  • Played on: June 15, 2021, 10:23 p.m.
  • Length: 22:18
Show
View Real Time Build Order
Export as new Build Order

llllllllllll Terran 

Build Orders: Gas First Reaper Expand, Mech 

Get SALT Encoding   

  12  0:00  SCV  
  13  0:12  SCV  
  14  0:17  Supply Depot  
  14  0:24  SCV  
  15  0:29  Refinery  
  15  0:39  SCV  
  16  0:44  Barracks  
  16  0:51  SCV  
  17  1:03  SCV  
  18  1:15  SCV  
  19  1:30  Orbital Command  
  19  1:31  Reaper  
  20  1:43  Command Center  
  20  1:59  SCV, Factory  
  21  2:06  Supply Depot  
  21  2:08  Marine  
  21  2:12  SCV  
  23  2:18  Refinery  
  23  2:28  SCV  
  24  2:40  SCV  
  24  2:42  Barracks Reactor  
  25  2:44  Starport  
  25  2:52  SCV  
  25  2:55  Orbital Command  
  26  3:04  SCV  
  26  3:17  SCV  
  26  3:27  Fusion Core, SCV  
  26  3:29  Hellion x2, SCV  
  26  3:30  Starport Tech Lab  
  32  3:42  Supply Depot, SCV  
  32  3:45  SCV  
  34  3:51  Hellion x2  
  34  3:54  SCV  
  39  3:57  SCV  
  40  4:06  SCV  
  40  4:09  SCV  
  42  4:15  Battlecruiser  
  48  4:18  SCV  
  48  4:22  Command Center  
  48  4:23  SCV  
  50  4:28  Supply Depot  
  50  4:30  SCV  
  51  4:34  Supply Depot  
  51  4:35  SCV  
  52  4:39  Hellion  
  54  4:46  Supply Depot  
  54  4:50  Hellion  
  54  4:51  SCV  
  54  4:52  SCV  
  58  4:56  Refinery x2  
  58  5:01  Hellion  
  58  5:03  SCV  
  58  5:04  SCV  
  62  5:14  Engineering Bay  
  62  5:15  Armory  
  62  5:16  SCV x2  
  64  5:28  SCV x2  
  48  5:35  Orbital Command  
  66  5:39  Factory  
  66  5:40  SCV x2, Factory  
  68  5:52  SCV x2  
  68  5:55  Battlecruiser  
  72  6:05  Orbital Command  
  72  6:07  SCV x2, Widow Mine x2  
  78  6:19  SCV x2  
  78  6:22  Refinery  
  80  6:26  Refinery, Orbital Command  
  80  6:28  Factory Tech Lab x2  
  80  6:31  SCV  
  80  6:32  SCV  
  82  6:45  Bunker  
  82  6:47  Engineering Bay  
  82  6:52  SCV  
  82  6:53  SCV x2, Siege Tank x2  
  91  6:55  Hellion  
  91  6:58  Supply Depot x2  
  91  6:59  Supply Depot  
  95  7:01  Hellion  
  95  7:05  SCV x2  
  97  7:11  Orbital Command  
  97  7:13  Battlecruiser  
  103  7:17  SCV x2, Refinery  
  103  7:18  Refinery  
  103  7:22  Supply Depot x2  
  105  7:26  Supply Depot  
  105  7:29  SCV x2  
  99  7:40  SCV  
  99  7:41  SCV x2, Siege Tank  
  99  7:42  Hellion, Siege Tank  
  98  7:52  SCV  
  98  7:53  SCV x2  
  101  8:05  SCV x3  
  104  8:09  Command Center  
  104  8:10  Hellion  
  104  8:11  Hellion  
  108  8:13  Terran Vehicle Weapons Level 1  
  108  8:17  SCV  
  108  8:18  Armory  
  109  8:20  Factory  
  109  8:23  SCV  
  110  8:30  Factory  
  110  8:36  Siege Tank  
  110  8:37  Hellion, Siege Tank  
  118  8:44  Supply Depot x2  
  118  8:45  Battlecruiser  
  118  8:46  Weapon Refit  
  124  8:49  Missile Turret  
  124  8:50  Missile Turret  
  124  8:51  Missile Turret  
  126  9:08  Siege Tank  
  126  9:09  Hellion  
  129  9:13  Supply Depot x2  
  129  9:18  Factory Reactor  
  129  9:20  Factory Tech Lab  
  120  9:26  Factory Tech Lab  
  120  9:27  Sensor Tower  
  120  9:28  Supply Depot x2  
  120  9:30  Siege Tank  
  123  9:33  Missile Turret  
  123  9:37  Missile Turret  
  123  9:40  Siege Tank  
  123  9:43  Siege Tank  
  128  9:54  Siege Tank  
  130  10:02  Siege Tank  
  133  10:11  Hellion x2  
  133  10:13  Hellion  
  139  10:15  Hellion  
  141  10:25  Refinery  
  141  10:26  Hellion, Refinery  
  143  10:29  SCV x3  
  143  10:34  Hellion x2  
  150  10:36  Siege Tank  
  150  10:41  SCV x2  
  155  10:46  Hellion  
  155  10:47  Hellion, Siege Tank  
  143  10:55  Siege Tank  
  143  10:56  Hellion  
  146  10:58  Terran Vehicle Weapons Level 2  
  142  11:06  SCV x2  
  142  11:07  Hellion  
  142  11:08  Siege Tank  
  142  11:09  Hellion  
  149  11:17  Siege Tank  
  152  11:20  Hellion  
  148  11:28  Hellion x2  
  148  11:30  Hellion  
  142  11:40  Siege Tank  
  142  11:41  Hellion  
  124  11:49  Hellion, Siege Tank  
  124  11:50  Hellion  
  117  11:56  Hellion  
  115  12:02  Siege Tank  
  118  12:11  Hellion x2  
  118  12:12  Siege Tank  
  125  12:18  Hellion  
  125  12:21  Hellion, Battlecruiser  
  135  12:35  Command Center  
  135  12:37  Sensor Tower  
  135  12:41  Terran Vehicle And Ship Armor Level 1  
  135  12:42  Neosteel Armor  
  135  12:57  Hellion x2, Siege Tank  
  142  13:05  Hellion x2, Siege Tank  
  149  13:19  Hellion x2  
  151  13:22  Planetary Fortress  
  151  13:24  SCV x2, Refinery x2  
  153  13:27  Hellion x2  
  153  13:29  Siege Tank  
  142  13:37  Hellion  
  142  13:40  Hellion x2  
  147  14:01  Battlecruiser  
  153  14:03  Missile Turret  
  153  14:06  Missile Turret x2  
  153  14:07  Thor x2  
  153  14:08  Thor  
  152  14:14  Hellion, Thor  
  152  14:15  SCV  
  161  14:28  Hellion  
  163  14:36  Hellion  
  165  14:39  Hellion x2  
  165  14:42  Hellion x2  
  165  14:45  Infernal Pre-Igniter  
  165  14:46  Smart Servos  
  165  14:50  Siege Tank  
  165  14:51  Hellion, Siege Tank  
  165  15:06  Battlecruiser  
  166  15:07  Hellion x2, Siege Tank  
  166  15:13  Terran Vehicle Weapons Level 3  
  158  15:23  Terran Vehicle And Ship Armor Level 2  
  150  15:37  Siege Tank x2  
  156  15:55  Hellion, Siege Tank  
  156  15:56  Hellion x2  
  163  15:57  SCV x2  
  144  16:06  Missile Turret  
  144  16:07  Missile Turret  
  144  16:10  Hellion x2  
  144  16:11  Battlecruiser  
  145  16:17  Hellion x2, Siege Tank  
  152  16:20  Planetary Fortress, Refinery  
  152  16:24  Refinery  
  152  16:27  Siege Tank  
  152  16:31  Hellion x2  
  159  16:38  Hellion x2  
  163  16:45  Missile Turret  
  163  16:46  Missile Turret  
  147  16:49  Siege Tank  
  147  16:52  Hellion x2  
  152  16:55  Supply Depot  
  152  16:56  Supply Depot  
  152  16:59  Supply Depot, Hellion  
  154  17:08  Hellion x2, SCV  
  158  17:13  Siege Tank  
  158  17:14  Siege Tank  
  161  17:21  Hellion, Siege Tank  
  164  17:35  Hellion x2  
  168  17:39  Missile Turret  
  168  17:42  Siege Tank  
  158  17:51  Hellion, Siege Tank  
  148  18:07  Missile Turret  
  148  18:08  Hellion x2, Missile Turret, Siege Tank  
  155  18:13  Hellion  
  155  18:15  Siege Tank  
  155  18:16  SCV x2  
  160  18:23  Missile Turret  
  157  18:30  Terran Ship Weapons Level 1  
  157  18:32  Terran Vehicle And Ship Armor Level 3  
  142  18:39  Siege Tank  
  142  18:41  SCV  
  121  18:55  SCV  
  121  18:56  SCV  
  121  19:00  Missile Turret  
  121  19:01  Missile Turret  
  121  19:02  Missile Turret, SCV x2  
  125  19:03  SCV  
  126  19:16  Siege Tank  
  126  19:17  Siege Tank  
  132  19:38  Hellion, Siege Tank  
  137  19:39  Hellion x2  
  141  19:49  Hellion  
  143  19:53  Siege Tank  
  142  20:00  Hellion, Siege Tank  
  142  20:04  Hellion  
  130  20:10  Siege Tank  
  133  20:14  Siege Tank  
  138  20:21  Hellion  
  138  20:25  Hellion  
  140  20:30  Siege Tank  
  140  20:32  Hellion  
  145  20:42  Hellion  
  149  20:43  Hellion  
  149  20:46  Siege Tank  
  149  20:47  Hellion  
Show
View Real Time Build Order
Export as new Build Order

Neuro Zerg - Winner!

Build Orders: Hatch First, Roach Hydra, Swarm Host 

Get SALT Encoding   

  12  0:01  Drone  
  13  0:12  Overlord  
  13  0:16  Drone  
  14  0:30  Drone x2  
  16  0:48  Hatchery  
  15  0:52  Drone  
  15  0:55  Drone  
  17  0:58  Drone  
  18  1:10  Extractor  
  17  1:14  Spawning Pool  
  17  1:17  Drone  
  17  1:20  Drone  
  18  1:29  Drone  
  19  1:38  Drone  
  20  1:50  Overlord  
  20  2:00  Queen  
  20  2:01  Queen  
  22  2:02  Zergling x4  
  26  2:11  Drone  
  26  2:12  Drone  
  28  2:22  Drone x2  
  30  2:33  Overlord  
  30  2:39  Queen x2  
  30  2:41  Drone  
  35  2:50  Overlord  
  35  2:51  Drone  
  35  2:57  Drone x2  
  38  3:10  Drone x5  
  43  3:13  Hatchery  
  42  3:20  Drone x4  
  42  3:26  Lair  
  46  3:30  Drone x2  
  46  3:34  Overlord  
  48  3:42  Drone  
  48  3:47  Overlord x2  
  49  3:50  Drone x2  
  49  3:51  Drone  
  49  3:55  Overlord  
  52  3:59  Drone x2  
  52  4:01  Roach Warren  
  53  4:11  Drone x3, Evolution Chamber  
  53  4:12  Evolution Chamber  
  53  4:16  Queen, Drone  
  57  4:22  Drone  
  58  4:28  Overlord  
  58  4:29  Overlord  
  58  4:31  Spore Crawler  
  57  4:32  Spore Crawler  
  57  4:33  Spore Crawler  
  55  4:39  Overlord  
  55  4:41  Glial Reconstitution  
  55  4:42  Drone x4  
  55  4:43  Drone x2  
  61  4:50  Zerg Missile Weapons Level 1  
  61  4:52  Drone x2  
  63  5:03  Queen, Overlord  
  63  5:06  Drone x6  
  71  5:13  Extractor, Drone x6  
  76  5:20  Zerg Ground Armor Level 1  
  76  5:23  Extractor  
  76  5:24  Extractor  
  76  5:26  Overlord  
  76  5:28  Roach  
  76  5:35  Overlord  
  76  5:39  Extractor x2  
  74  5:43  Roach  
  74  5:49  Roach  
  71  5:54  Roach  
  71  6:03  Queen  
  71  6:04  Queen x2  
  71  6:05  Drone x15  
  90  6:11  Drone  
  91  6:23  Overlord  
  91  6:24  Overlord x2  
  91  6:25  Infestation Pit, Drone  
  90  6:32  Roach  
  95  6:33  Roach  
  95  6:36  Drone  
  95  6:39  Queen x2  
  98  6:45  Roach  
  98  6:46  Roach x4  
  110  6:50  Drone x3  
  113  6:58  Zerg Missile Weapons Level 2  
  113  7:02  Drone x3  
  113  7:03  Hatchery  
  115  7:16  Overseer  
  115  7:19  Zerg Ground Armor Level 2  
  115  7:23  Swarm Host x2  
  115  7:24  Swarm Host x2  
  115  7:25  Hydralisk Den  
  124  7:42  Swarm Host x3  
  128  7:46  Drone x3  
  128  7:47  Drone x5  
  130  7:57  Grooved Spines, Hive  
  130  8:02  Queen x2  
  130  8:03  Overlord x6  
  134  8:15  Overlord x2  
  134  8:20  Extractor  
  134  8:22  Spore Crawler  
  134  8:24  Extractor, Swarm Host x5  
  134  8:25  Spore Crawler  
  145  8:30  Roach  
  145  8:31  Roach x3  
  153  8:37  Queen  
  153  8:38  Pneumatized Carapace  
  155  8:41  Spore Crawler  
  155  8:43  Spine Crawler  
  151  8:57  Hydralisk  
  151  8:58  Hydralisk x8  
  164  9:17  Muscular Augments, Overlord  
  164  9:18  Overlord  
  164  9:21  Hydralisk x5  
  174  9:26  Spore Crawler x2  
  172  9:36  Drone x11  
  183  9:42  Hydralisk x8  
  198  9:59  Spore Crawler  
  197  10:00  Spore Crawler, Zerg Ground Armor Level 3  
  197  10:02  Spore Crawler  
  186  10:13  Drone x4  
  184  10:24  Hydralisk  
  184  10:25  Hydralisk x7  
  184  10:27  Hatchery  
  196  10:44  Hydralisk x2  
  196  10:48  Zergling x4  
  198  11:07  Overlord x2  
  198  11:11  Zerg Missile Weapons Level 3  
  188  11:26  Viper x4  
  187  11:40  Hatchery  
  187  11:42  Hydralisk x10  
  187  11:43  Hydralisk  
  185  11:50  Hydralisk x4  
  185  11:52  Queen  
  185  11:53  Queen x4  
  175  11:57  Spore Crawler x2  
  175  11:58  Spore Crawler  
  175  12:01  Hydralisk x5  
  160  12:05  Extractor  
  160  12:07  Extractor  
  160  12:08  Overseer  
  155  12:09  Hydralisk  
  155  12:10  Hydralisk x2  
  161  12:25  Drone x2  
  161  12:29  Lurker Den, Metabolic Boost  
  162  12:32  Queen  
  164  12:47  Overseer, Drone x3  
  164  12:48  Overseer  
  164  12:49  Overlord x2  
  167  12:52  Drone x3, Baneling Nest  
  167  12:55  Zergling x16  
  177  13:04  Roach  
  177  13:05  Roach x10  
  199  13:20  Roach  
  188  13:42  Seismic Spines  
  188  13:43  Centrifical Hooks  
  188  13:45  Drone x3  
  183  14:11  Zergling x18  
  183  14:12  Zerg Melee Weapons Level 1  
  183  14:14  Baneling x5  
  192  14:20  Drone x7  
  199  14:39  Adaptive Talons  
  199  14:40  Burrow  
  199  14:48  Drone  
  185  15:07  Spine Crawler  
  185  15:08  Spore Crawler  
  185  15:09  Spine Crawler, Drone x10  
  185  15:10  Extractor x2  
  185  15:11  Hatchery  
  184  15:15  Drone x12  
  193  15:24  Spore Crawler  
  193  15:25  Spore Crawler  
  193  15:26  Spore Crawler  
  184  15:28  Spore Crawler  
  184  15:31  Roach x2  
  184  15:32  Roach x6  
  199  15:41  Pathogen Glands  
  167  16:06  Viper  
  167  16:07  Viper x7  
  184  16:37  Neural Parasite  
  184  16:48  Lurker x11  
  184  16:49  Lurker x2  
  184  16:53  Hydralisk  
  184  16:54  Hydralisk x7  
  183  17:28  Hydralisk x10  
  183  17:29  Hydralisk x8  
  190  17:45  Hydralisk x2  
  190  17:46  Hydralisk x3  
  190  17:50  Extractor  
  190  17:51  Extractor  
  192  18:05  Drone x7  
  165  18:39  Hydralisk x9  
  172  18:53  Drone x10  
  172  18:54  Extractor  
  181  19:03  Lurker  
  181  19:04  Spore Crawler x2  
  181  19:05  Drone x4  
  184  19:14  Lurker x10  
  184  19:15  Lurker x5  
  199  19:22  Spore Crawler  
  198  19:25  Spore Crawler x3, Spine Crawler  
  198  19:26  Spore Crawler, Spine Crawler  
  187  19:38  Hydralisk x3  
  187  19:39  Hydralisk x4  
  188  20:00  Hydralisk  
  188  20:01  Hydralisk x6  
  199  20:09  Zergling x10  
  200  20:19  Overseer  
  193  20:52  Zergling x4  
  193  20:53  Zergling x2  
  196  20:57  Hydralisk x2  
  199  21:18  Zergling x2  
  199  21:20  Hatchery  
  190  21:42  Zergling x14  
  190  21:43  Zergling x20  
  190  21:45  Zergling x28  
  190  21:46  Zergling x4  
  162  22:00  Zergling x10  
Tags
 
Add a new tag
Caveats
  • Supply blocks, unpowered buildings, or Contaminate may cause inaccurate times.
  • Supply counts are checked every 10 seconds.